 Dungeon Crawl Stone Soup version 0.26.1-11-gd32895ea62 (webtiles) character file.

Game seed: 9502852798627276045

200 KamiKatze the Conjurer (level 5, -2/38 HPs)
             Began as a Draconian Conjurer on May 21, 2021.
             Slain by an orc priest
             ... wielding a +0 morningstar
              (5 damage)
             ... on level 2 of the Dungeon.
             The game lasted 00:13:15 (2240 turns).

KamiKatze the Conjurer (Draconian Conjurer)         Turns: 2240, Time: 00:13:16

Health: -2/38      AC:  6    Str:  9    XL:     5   Next: 49%
Magic:  7/10       EV: 12    Int: 19    God:
Gold:   108        SH:  0    Dex: 10    Spells: 8/11 levels left

rFire    . . .     SeeInvis .   c - +3 trident (vorpal)
rCold    . . .     Faith    .   (no shield)
rNeg     . . .     Spirit   .   (armour unavailable)
rPois    .         Reflect  .   (helmet restricted)
rElec    .         Harm     .   k - +0 cloak
rCorr    .         Rampage  .   (no gloves)
Will     .....                  (no boots)
Stlth    ++........             (no amulet)
HPRegen  0.12/turn              (no ring)
MPRegen  0.12/turn              (no ring)

@: no status effects
A: unfitting armour, cold-blooded, AC +5
a: no special abilities


You were on level 2 of the Dungeon.
You visited 1 branch of the dungeon, and saw 4 of its levels.

You collected 108 gold pieces.

Inventory:

Hand Weapons
 a - a +2 spear of freezing
 b - a +0 dagger of flaming
 c - a +3 vorpal trident (weapon)
Missiles
 f - 3 stones
Armour
 k - a +0 cloak (worn)
Scrolls
 d - 2 scrolls of fear {unknown}
 g - 2 scrolls of remove curse
 h - 2 scrolls of enchant weapon {unknown}
 i - a scroll of magic mapping {unknown}
 j - a scroll of fog {unknown}
 n - a scroll of blinking {unknown}
Potions
 e - 2 potions of flight
 l - a potion of ambrosia {unknown}
 m - a potion of heal wounds {unknown}
 o - a potion of degeneration {unknown}


   Skills:
 - Level 2.0 Dodging
 - Level 2.0 Stealth
 * Level 3.9 Spellcasting
 * Level 5.5 Conjurations


You had 8 spell levels left.
You knew the following spells:

 Your Spells              Type           Power        Failure   Level
a - Magic Dart            Conj           96%          1%          1
b - Searing Ray           Conj           48%          2%          2

Your spell library contained the following spells:

 Spells                   Type           Power        Failure   Level
 Dazzling Flash           Conj/Hex       28%          14%         3
 Fulminant Prism          Conj/Hex       7%           41%         4
 Iskenderun's Mystic Bla  Conj/Tloc      14%          41%         4


Dungeon Overview and Level Annotations

Branches:
Dungeon (4/15)
 Temple: D:4-7

Altars:
Dithmenos
Fedhas
Gozag
Wu Jian

Annotations:
D:4 exclusion: sky beast


Innate Abilities, Weirdness & Mutations

Your plain brown scales are hard. (AC +5)
You cannot fit into any form of body armour.
You are cold-blooded and may be slowed by cold attacks.


Message History

Reactivating autopickup.
A goblin comes into view. It is wielding a +0 club.
Found 2 pink potions and 10 gold pieces.
There is a stone staircase leading up here.
Unknown command.
Casting: Searing Ray (safe; 2% risk of failure)
Confirm with . or Enter, or press ? or * to list all spells.
Aiming: Searing Ray (safe; 2% risk of failure)
Press: ? - help, Shift-Dir - straight line, f - orc priest
Aim: an orc priest, wielding a +0 morningstar (21% to evade)
The searing ray misses the orc priest. (Press . to maintain the ray.)
The goblin shouts!
The orc priest hits you with a +0 morningstar!
* * * LOW HITPOINT WARNING * * *
The goblin closely misses you.
The searing ray hits the orc priest!
The orc priest is severely wounded.
The orc priest hits you with a +0 morningstar.
You die...

......#.#
.........
..........##
......#.#
#........$.#
.....##.#
#..........#
.....# #
#..........#
)..#...
#..........#
...###.
#..........#
..##
##..!..!..##
###
#...g@.....#
.....#
#.....o....#
.....#
#..........#
....##
#..........#
...#
#..........#
####
##........##
##......##
########


You could see an orc priest and a goblin.

Vanquished Creatures
  An orc wizard (D:4)
  A centaur skeleton (D:2)
  Natasha (twice) (D:4)
  Robin (D:4)
  A gnoll (D:1)
  A worm (D:2)
  2 dart slugs (D:1)
  4 leopard geckos
  3 orcs
  2 ball pythons
  A giant cockroach (D:1)
  12 goblins
  10 hobgoblins
  A quokka (D:3)
  4 bats
  A frilled lizard (D:2)
  5 kobolds
  4 rats (D:1)
56 creatures vanquished.

Notes
Turn   | Place    | Note
-------+----------+-------------------------------------------
     0 | D:1      | KamiKatze the Draconian Conjurer began the quest for the
                  | Orb.
     0 | D:1      | Reached XP level 1. HP: 14/14 MP: 3/3
   203 | D:1      | Reached XP level 2. HP: 20/20 MP: 0/5
   325 | D:1      | Learned a level 2 spell: Searing Ray
   761 | D:1      | Reached XP level 3. HP: 16/26 MP: 4/6
  1232 | D:2      | You fall into a shaft and drop 2 floors!
  1232 | D:4      | Found a blossoming altar of Fedhas.
  1232 | D:4      | Found an ornate altar of the Wu Jian Council.
  1236 | D:4      | Reached XP level 4. HP: 10/33 MP: 3/8
  1439 | D:4      | Noticed Natasha
  1446 | D:4      | Killed Natasha
  1447 | D:4      | Reached skill level 5 in Conjurations
  1600 | D:4      | Noticed Robin
  1614 | D:4      | Killed Robin
  1630 | D:4      | Reached XP level 5. HP: 22/38 MP: 7/10
  1801 | D:4      | Found a shadowy altar of Dithmenos.
  1801 | D:4      | Noticed Natasha
  1804 | D:4      | Killed Natasha
  1881 | D:4      | Noticed a sky beast
  2177 | D:2      | Found an opulent altar of Gozag.
  2240 | D:2      | Slain by an orc priest

Illustrated notes

Levels and vault maps discovered:
D:1:      scummos_arrival_checkerplants, layout_rooms, serial_curves,
          eino_curves_04, eino_curves_03
D:2:      cheibrodos_pilgrimage, layout_rooms, grunt_gozag_breadcrumbs
D:3:      layout_loops_ring, cheibrodos_sewer_entry_drain, grunt_ministairs_14,
          nicolae_ru_great_annihilating_truth
D:4:      layout_loops_ring, lemuel_doored_altar,
          gammafunk_temple_overflow_pools, nicolae_ossuary_entry_plus,
          uniq_robin, uniq_natasha

Skill      XL: |  1  2  3  4 |
---------------+-------------+-----
Dodging        | 2 |  2.0
Stealth        | 2 |  2.0
Spellcasting   | 3 |  3.9
Conjurations   | 5 |  5.5

Action                   |  1- 3 |  4- 6 || total
-------------------------+-------+-------++-------
Melee: Dagger            |    38 |       ||    38
       Tailslap          |     3 |     1 ||     4
       Spear             |    23 |    18 ||    41
       Trident           |       |    15 ||    15
 Cast: Magic Dart        |    42 |     6 ||    48
       Searing Ray       |     2 |     5 ||     7
  Use: Scroll            |       |     2 ||     2
 Stab: Sleeping          |     3 |     2 ||     5
Armor: Skin              |    19 |    12 ||    31
Dodge: Dodged            |    38 |    17 ||    55
